 Dungeon Crawl Stone Soup version 0.13-a0-1606-g53bcbbc (webtiles) character file.

279 Koal the Twirler (level 5, -4/40 HPs)
             Began as a Demonspawn Gladiator on June 14, 2013.
             Slain by an orc
             ... wielding a +0,+1 orcish war axe
              (9 damage)
             ... on Level 3 of the Dungeon.
             The game lasted 00:08:56 (2752 turns).

Koal the Twirler (Demonspawn Gladiator)             Turns: 2752, Time: 00:08:56

HP  -4/40        AC  5     Str 16      XL: 5   Next: 58%
MP   4/4         EV 12     Int  9      God:
Gold 67          SH  0     Dex 14      Spells:  0 memorised,  4 levels left

Res.Fire  : . . .   See Invis. : .   a - +0 quarterstaff
Res.Cold  : . . .   Warding    : .   b - +0 leather armour
Life Prot.: . . .   Conserve   : .   (no shield)
Res.Poison: .       Res.Corr.  : .   c - +0 helmet
Res.Elec. : .       Clarity    : .   (no cloak)
Sust.Abil.: . .     Spirit.Shd : .   (no gloves)
Res.Mut.  : .       Stasis     : .   t - +0 pair of orc boots
Res.Rott. : .       Flight     : .   (no amulet)
Saprovore : . . .                    (no ring)
                                     (no ring)

@: slightly resistant to hostile enchantments, unstealthy
A: demonic guardian 1
a: no special abilities


You were on level 3 of the Dungeon.
You were hungry.

You visited 1 branch of the dungeon, and saw 3 of its levels.

You collected 47 gold pieces.

Inventory:

Hand weapons
 a - a +0,+0 quarterstaff (weapon)
Missiles
 d - 3 throwing nets {=f}
 Y - 30 darts (quivered)
 Z - 17 stones
Armour
 b - a +0 leather armour (worn)
 c - a +0 helmet (worn)
 h - a cursed -2 pair of gloves
 t - a +0 pair of orcish boots (worn)
Comestibles
 f - 3 bread rations
 i - a beef jerky
 l - a choko
 q - a banana
Scrolls
 e - 2 scrolls of identify {unknown}
 g - a scroll of curse weapon {unknown}
 j - a scroll of remove curse {unknown}
 k - a scroll of blinking {unknown}
 m - a scroll of curse jewellery {unknown}
 n - 2 scrolls of magic mapping {unknown}
 s - a scroll of fear {unknown}
Potions
 o - 3 potions of curing {unknown}
 r - 2 potions of cure mutation {unknown}


   Skills:
 - Level 2.0 Fighting
 + Level 5.8 Staves
 - Level 1.7 Throwing
 - Level 2.6 Dodging


You had 4 spell levels left.
You didn't know any spells.

Dungeon Overview and Level Annotations

Branches:
Dungeon (3/27)

Altars:


Innate Abilities, Weirdness & Mutations

A weak demonic guardian rushes to your aid.


Message History

The orc closely misses you.
You closely miss the orc.
Your ufetubus disappears in a puff of smoke!
The orc barely misses you.
You hit the orc.
The orc is almost dead.
The orc hits you with an orcish war axe.
* * * LOW HITPOINT WARNING * * *
You closely miss the orc.
The orc is almost dead.
The orc hits you with an orcish war axe.
* * * LOW HITPOINT WARNING * * *
Things that are here:
an orcish dagger; an orcish robe You see here an orc corpse.
All of the chunks of flesh in your inventory have completely rotted away.
You hit the orc but do no damage.
The orc is almost dead.
The orc hits you with an orcish war axe!
You die...

.............#.....#.###%....#
...............#.#..#........#
...............#.#.#.#.#.....#
#####...#####......###.#.....#
#...# ##.#.#.###.#......#
#...# #........##.####.# #...#
###.#######.# .# #...# #o# ...
##.## #@# ... #.# #.# ..#
######.### #.# .........# #..
##...###.# ### #.....##.#####
#........(...#####
#....###(###.....# .........#
#####.##


You could see an orc.

Vanquished Creatures
  2 orc priests (D:3)
  2 orc wizards (D:3)
  4 adders
  A worm (D:3)
  A giant gecko (D:1)
  2 oozes (D:1)
  7 orcs
  7 bats
  2 giant cockroaches
  8 goblins
  5 hobgoblins
  7 kobolds
  A quokka (D:2)
  3 giant newts (D:1)
  10 rats
62 creatures vanquished.

Vanquished Creatures (collateral kills)
  An orc wizard (D:3)
  An orc (D:3)
2 creatures vanquished.

Vanquished Creatures (others)
  A crimson imp (D:3)
  A white imp (D:3)
  3 ufetubi (D:3)
5 creatures vanquished.

Grand Total: 69 creatures vanquished

Notes
Turn   | Place    | Note
--------------------------------------------------------------
     0 | D:1      | Koal, the Demonspawn Gladiator, began the quest for the Orb.
     0 | D:1      | Reached XP level 1. HP: 17/17 MP: 0/0
   102 | D:1      | Reached skill level 3 in Staves
   158 | D:1      | Gained mutation: A weak demonic guardian rushes to your aid. [demonic ancestry]
   158 | D:1      | Reached XP level 2. HP: 21/23 MP: 1/1
   805 | D:2      | Reached XP level 3. HP: 21/28 MP: 2/2
   943 | D:2      | Reached skill level 4 in Staves
  1472 | D:2      | Reached XP level 4. HP: 30/35 MP: 3/3
  2323 | D:3      | Reached skill level 5 in Staves
  2720 | D:3      | Reached XP level 5. HP: 33/40 MP: 4/4
  2752 | D:3      | Slain by an orc

Action                   |  1- 3 |  4- 6 || total
-------------------------+-------+-------++-------
Melee: Quarterstaff      |   104 |    66 ||   170
Throw: Stone             |     6 |       ||     6
       Dart              |    16 |    22 ||    38
